Map: [ESL] Altitude

Players

TeebuL

  • Race: Protoss Protoss
  • Spawn Location: 1:00

IGXY (XY) - Winner!

  • Race: Terran Terran
  • Spawn Location: 7:00

Event: ESL SC2 Masters 2023 Summer (Regionals)

VOD

Have the link to the VOD?

Description

Time

  • Played on: May 2, 2023, 8 a.m.
  • Length: 13:38

All games in this series

Show
View Real Time Build Order
Export as new Build Order

TeebuL Protoss 

Build Orders: Phoenix Opening 

Get SALT Encoding   

  12  0:00  Probe  
  13  0:12  Probe  
  14  0:19  Pylon  
  14  0:24  Probe  
  15  0:37  Probe (Chrono Boost)  
  15  0:41  Gateway  
  16  0:46  Probe (Chrono Boost)  
  17  0:50  Assimilator  
  17  0:51  Probe (Chrono Boost)  
  18  1:03  Probe  
  19  1:15  Probe  
  20  1:29  Cybernetics Core  
  20  1:39  Probe  
  21  1:46  Pylon  
  21  1:53  Nexus  
  21  1:56  Probe  
  22  2:01  Assimilator  
  22  2:05  Adept (Chrono Boost)  
  24  2:11  Probe  
  25  2:24  Probe  
  26  2:30  Stargate  
  26  2:35  Adept  
  29  2:37  Probe  
  29  2:44  Warp Gate  
  29  2:49  Probe  
  30  3:01  Probe (Chrono Boost)  
  30  3:04  Gateway  
  31  3:06  Probe (Chrono Boost)  
  33  3:13  Probe (Chrono Boost)  
  33  3:16  Phoenix (Chrono Boost), Probe (Chrono Boost)  
  33  3:18  Probe (Chrono Boost)  
  37  3:25  Adept  
  37  3:26  Probe  
  40  3:27  Probe  
  40  3:33  Phoenix (Chrono Boost)  
  41  3:38  Probe  
  41  3:39  Probe  
  45  3:42  Pylon  
  45  3:50  Probe  
  46  4:00  Probe  
  46  4:02  Probe (Chrono Boost)  
  46  4:05  Robotics Facility, Assimilator  
  46  4:07  Assimilator  
  46  4:10  Phoenix  
  46  4:12  Probe (Chrono Boost)  
  46  4:15  Probe (Chrono Boost)  
  50  4:20  Pylon  
  50  4:23  Probe (Chrono Boost)  
  52  4:24  Probe (Chrono Boost)  
  52  4:28  Probe (Chrono Boost)  
  52  4:29  Probe (Chrono Boost)  
  54  4:38  Phoenix  
  54  4:39  Probe  
  54  4:40  Probe  
  54  4:44  Pylon  
  58  4:51  Probe  
  55  4:53  Probe  
  54  5:08  Observer  
  54  5:10  Probe  
  54  5:11  Probe  
  57  5:19  Nexus  
  57  5:22  Probe  
  57  5:24  Probe  
  59  5:34  Probe  
  60  5:41  Robotics Bay  
  60  5:42  Probe (Chrono Boost)  
  61  5:47  Probe (Chrono Boost)  
  56  5:51  Observer  
  56  5:54  Probe (Chrono Boost)  
  58  5:57  Probe (Chrono Boost)  
  58  5:59  Probe (Chrono Boost), Immortal (Chrono Boost)  
  58  6:01  Probe (Chrono Boost)  
  64  6:08  Probe, Sentry  
  64  6:09  Pylon  
  67  6:13  Probe  
  68  6:21  Probe (Chrono Boost)  
  68  6:25  Probe (Chrono Boost)  
  70  6:30  Extended Thermal Lance  
  71  6:35  Colossus (Chrono Boost)  
  71  6:37  Probe (Chrono Boost)  
  71  6:38  Probe (Chrono Boost), Pylon  
  75  6:42  Probe x2 (Chrono Boost)  
  75  6:45  Probe (Chrono Boost)  
  76  6:51  Probe x2  
  78  6:55  Twilight Council  
  78  6:58  Sentry x2  
  82  7:02  Probe  
  82  7:03  Probe x2  
  82  7:05  Shield Battery  
  83  7:10  Observer  
  83  7:14  Probe  
  83  7:15  Probe x2, Twilight Council  
  85  7:18  Colossus (Chrono Boost)  
  92  7:26  Probe  
  92  7:27  Probe  
  92  7:28  Gateway  
  92  7:29  Gateway  
  94  7:30  Probe  
  94  7:32  Charge (Chrono Boost)  
  95  7:38  Probe  
  95  7:41  Gateway  
  95  7:42  Probe  
  95  7:45  Gateway  
  95  7:47  Probe  
  98  7:52  Phoenix (Chrono Boost)  
  100  8:09  Zealot x2  
  100  8:10  Probe  
  101  8:13  Pylon  
  101  8:16  Forge  
  101  8:18  Pylon  
  101  8:24  Assimilator  
  101  8:25  Assimilator  
  101  8:27  Pylon  
  101  8:29  Disruptor (Chrono Boost)  
  101  8:31  Phoenix, Probe  
  107  8:35  Gateway  
  107  8:37  Gateway  
  107  8:41  Probe x2  
  109  8:43  Robotics Facility  
  109  8:48  Pylon  
  109  8:49  Templar Archives  
  109  8:52  Stalker  
  109  8:53  Stalker x4  
  117  9:03  Zealot  
  117  9:08  Pylon  
  119  9:11  Pylon  
  119  9:17  Protoss Ground Weapons Level 1 (Chrono Boost)  
  119  9:20  Shield Battery  
  119  9:21  Disruptor  
  122  9:24  Zealot x3  
  122  9:25  Zealot x2  
  122  9:27  Probe  
  133  9:36  High Templar x2, Disruptor  
  133  9:37  Zealot  
  140  9:42  Archon  
  140  9:44  Nexus  
  138  9:46  Pylon  
  138  9:47  Zealot x4  
  138  9:48  Zealot  
  148  10:05  Disruptor  
  151  10:08  Pylon  
  151  10:10  Zealot x3  
  157  10:24  Disruptor  
  157  10:39  Zealot x4  
  157  10:40  Zealot  
  165  10:47  Disruptor  
  160  10:52  Pylon  
  160  10:54  Pylon  
  160  10:56  Pylon  
  160  10:58  Pylon  
  160  11:01  Pylon  
  148  11:10  Zealot  
  148  11:11  Zealot x6  
  150  11:14  Stalker  
  127  11:30  Disruptor  
  125  11:34  Stalker x2  
  125  11:35  Zealot x4, Stalker  
  133  11:44  Zealot  
  131  11:49  Gateway  
  131  11:52  Gateway  
  119  11:59  Zealot x2  
  119  12:00  Zealot x5  
  126  12:17  Zealot x4  
  119  12:31  Zealot x3  
  116  12:41  Stalker x4  
  106  12:50  Zealot x2  
  100  12:53  Zealot x3  
  77  13:09  Zealot x4  
  80  13:12  High Templar  
  80  13:13  High Templar  
  80  13:19  Archon  
  68  13:20  Zealot x3  
Show
View Real Time Build Order
Export as new Build Order

IGXY Terran - Winner!

Build Orders:  

Get SALT Encoding   

  12  0:00  SCV  
  13  0:12  SCV  
  14  0:17  Supply Depot  
  14  0:24  SCV  
  15  0:39  SCV  
  15  0:40  Barracks  
  16  0:45  Refinery  
  16  0:51  SCV  
  17  1:03  SCV  
  18  1:12  Engineering Bay  
  18  1:15  SCV  
  19  1:28  Marine  
  19  1:30  Orbital Command  
  20  1:36  Engineering Bay  
  19  1:52  Command Center  
  19  2:02  Factory  
  19  2:05  Barracks Reactor  
  19  2:10  SCV  
  19  2:14  Supply Depot  
  20  2:22  SCV  
  21  2:34  SCV  
  22  2:46  SCV  
  22  2:48  Starport  
  23  2:51  Hellion  
  23  2:52  Hellion  
  23  2:54  Refinery  
  23  2:58  SCV  
  28  3:04  Orbital Command  
  28  3:10  SCV  
  29  3:15  Widow Mine x2  
  33  3:22  SCV  
  34  3:28  Supply Depot  
  34  3:29  Medivac  
  34  3:30  SCV  
  37  3:34  SCV  
  37  3:36  Widow Mine  
  37  3:39  Widow Mine  
  42  3:51  SCV  
  42  3:52  SCV  
  42  3:55  Barracks Tech Lab  
  40  4:03  SCV  
  40  4:04  SCV  
  42  4:11  Widow Mine  
  42  4:12  Command Center  
  42  4:15  Widow Mine  
  46  4:21  SCV x2  
  48  4:28  Barracks Tech Lab  
  48  4:34  SCV  
  48  4:40  SCV  
  49  4:46  SCV  
  49  4:48  Supply Depot  
  49  4:50  Raven  
  49  4:52  Barracks, SCV  
  53  4:58  SCV  
  54  5:06  SCV  
  50  5:15  Supply Depot  
  50  5:16  Engineering Bay  
  50  5:19  Supply Depot x2  
  50  5:20  SCV  
  50  5:23  Marine x2  
  50  5:24  Cyclone  
  50  5:25  SCV  
  56  5:28  Barracks x2  
  56  5:30  Orbital Command  
  56  5:34  Starport Reactor  
  56  5:37  SCV  
  57  5:47  Marine x2  
  57  5:49  SCV x2  
  59  5:51  Missile Turret x2  
  59  5:56  Siege Tank  
  60  6:01  SCV  
  60  6:02  Terran Infantry Weapons Level 1, Missile Turret  
  62  6:04  Marine x2  
  62  6:08  Barracks  
  63  6:13  Refinery  
  63  6:16  Barracks Reactor  
  63  6:17  Refinery, Barracks Tech Lab  
  61  6:22  Medivac  
  61  6:23  Marine, Marauder  
  66  6:26  SCV x2  
  68  6:33  SCV  
  68  6:38  Marauder, Marine  
  72  6:41  Marine  
  72  6:42  Siege Tank  
  72  6:43  SCV x2  
  72  6:46  Marauder  
  78  6:54  Orbital Command  
  78  6:56  Marine, Medivac  
  78  6:57  Marine x2  
  78  6:59  Marine, Marauder  
  78  7:00  SCV x2  
  89  7:03  Missile Turret  
  89  7:07  Marine  
  90  7:12  SCV, Missile Turret, Supply Depot  
  90  7:13  SCV, Supply Depot  
  90  7:14  Marine, Combat Shield  
  93  7:17  Barracks Tech Lab  
  93  7:19  Supply Depot  
  93  7:20  SCV  
  93  7:22  Siege Tank  
  96  7:25  SCV x2, Refinery  
  98  7:31  Viking  
  98  7:32  SCV  
  98  7:36  Medivac  
  103  7:38  SCV x2  
  103  7:43  Supply Depot  
  103  7:44  SCV  
  103  7:50  SCV  
  107  7:53  Marauder x2  
  107  7:54  Marauder, Marine x4  
  107  7:56  SCV x2  
  117  8:02  Stimpack, SCV  
  117  8:03  Concussive Shells  
  117  8:08  SCV x2  
  119  8:14  SCV  
  119  8:15  Marauder x2  
  119  8:17  Marine  
  125  8:22  Supply Depot  
  125  8:25  Supply Depot  
  125  8:26  Supply Depot  
  125  8:27  Supply Depot  
  125  8:28  Marine x2, Viking x2, Marauder  
  133  8:43  Marine x2  
  133  8:44  Marauder x2, Supply Depot  
  133  8:45  Marine, Supply Depot x2  
  140  8:50  Marauder  
  140  8:53  Marine  
  140  8:54  SCV x2  
  145  8:57  Supply Depot  
  145  8:58  Viking x2  
  145  9:01  Marine  
  153  9:02  Siege Tank  
  153  9:05  Marauder x2  
  157  9:11  Marauder  
  157  9:16  Marine x2  
  161  9:17  Supply Depot  
  161  9:18  Supply Depot  
  161  9:23  Marine x2  
  163  9:26  Marauder x2, Terran Infantry Armor Level 1  
  167  9:32  Marauder  
  167  9:33  Marine, Viking  
  167  9:34  Marine, Siege Tank  
  167  9:36  SCV  
  167  9:37  Refinery  
  177  9:41  Marine x2  
  177  9:43  Viking  
  181  9:47  Marine  
  181  9:48  Marauder  
  181  9:51  Marine x2  
  185  9:54  Marauder  
  185  9:59  Marine x2  
  189  10:05  Marine  
  190  10:07  Viking  
  190  10:09  Marauder, Marine x2  
  190  10:13  Viking, Command Center  
  198  10:15  Marauder  
  198  10:16  Marine  
  193  10:23  Marauder  
  193  10:25  SCV x3  
  195  10:37  SCV x2, Viking  
  195  10:40  Marine  
  198  10:42  Viking  
  195  10:54  Siege Tank  
  195  10:55  SCV x2  
  195  11:02  Marauder x2  
  181  11:05  Marine, Marauder  
  181  11:07  Viking  
  168  11:14  Marine x3  
  168  11:16  Bunker  
  168  11:18  Bunker  
  169  11:23  Marauder x2  
  147  11:26  Siege Tank  
  147  11:31  Marauder  
  147  11:32  Marine x3  
  147  11:35  Marine  
  148  11:43  SCV  
  148  11:44  Marauder x2  
  153  11:47  SCV  
  153  11:48  SCV  
  153  11:50  Marine  
  153  11:52  Marauder  
  155  11:58  Siege Tank  
  155  12:00  SCV x2  
  151  12:05  Liberator x2  
  151  12:06  Marauder  
  151  12:07  SCV  
  160  12:12  SCV  
  160  12:13  Marauder  
  160  12:14  Marauder  
  161  12:16  Marine x2  
  161  12:21  Marine x2  
  161  12:27  Marauder  
  155  12:33  SCV  
  155  12:34  Marine x2  
  155  12:35  Marauder x2  
  147  12:39  Marine x2  
  139  12:48  Marauder  
  131  12:52  Marine x2, SCV  
  131  12:56  Marine x3  
  131  12:57  Marine  
  126  13:09  SCV x3, Marine x3  
  135  13:13  Marine  
  135  13:14  Marine x3  
Tags
 
Add a new tag
Caveats
  • Supply blocks, unpowered buildings, or Contaminate may cause inaccurate times.
  • Supply counts are checked every 10 seconds.